Map: Ulrena

Players

Miszu - Winner!

  • Race: Terran Terran
  • League: Master

BraneloB

  • Race: Zerg Zerg
  • League: Master

VOD

Have the link to the VOD?

Description

Time

  • Played on: April 13, 2016, 11:04 a.m.
  • Length: 12:14
Show
View Real Time Build Order
Export as new Build Order

Miszu Terran - Winner!

Build Orders: Reaper Expand, Bio Tank 

Get SALT Encoding   

  12  0:01  SCV  
  13  0:13  SCV  
  14  0:20  Supply Depot  
  14  0:25  SCV  
  15  0:42  SCV  
  16  0:44  Barracks  
  16  0:46  Refinery  
  16  0:54  SCV  
  17  1:06  SCV  
  18  1:18  SCV  
  19  1:31  Orbital Command  
  19  1:33  Reaper  
  20  1:42  Command Center  
  20  1:50  Supply Depot  
  20  1:57  SCV  
  21  2:09  SCV  
  21  2:11  Barracks Reactor  
  22  2:20  Refinery  
  22  2:21  SCV  
  23  2:32  Factory  
  23  2:33  SCV  
  24  2:45  SCV  
  24  2:48  Marine x2  
  27  2:53  Orbital Command  
  27  2:57  SCV  
  28  3:05  Marine  
  28  3:06  Marine  
  28  3:09  SCV  
  31  3:18  Bunker  
  31  3:19  SCV  
  32  3:20  Supply Depot  
  32  3:21  Factory Tech Lab, SCV  
  32  3:24  Marine x2  
  35  3:31  Starport, SCV  
  35  3:33  SCV  
  36  3:42  Marine x2  
  36  3:43  SCV  
  36  3:45  SCV  
  39  3:50  Siege Tank  
  41  3:55  SCV  
  41  3:58  SCV  
  38  4:07  Medivac, SCV  
  41  4:10  SCV  
  40  4:20  Marine, SCV  
  40  4:22  SCV  
  43  4:26  Siege Tank  
  43  4:31  Supply Depot  
  46  4:32  SCV  
  46  4:34  SCV  
  46  4:35  Liberator  
  46  4:36  Barracks  
  48  4:38  Barracks  
  48  4:39  Marine x2  
  48  4:44  SCV  
  51  4:46  SCV  
  55  4:54  Supply Depot  
  55  4:56  SCV  
  55  4:58  SCV  
  57  5:03  Marine x2  
  59  5:08  SCV  
  59  5:10  SCV  
  60  5:20  SCV  
  61  5:22  SCV  
  61  5:30  Marine x2, Barracks Tech Lab  
  61  5:31  Barracks Tech Lab  
  61  5:32  SCV  
  61  5:34  SCV  
  61  5:35  Supply Depot  
  65  5:38  Starport Reactor, Siege Tank  
  65  5:40  Command Center  
  68  5:44  SCV  
  68  5:46  SCV  
  68  5:47  Marine  
  68  5:56  SCV  
  69  5:57  Marine x2, Combat Shields  
  69  5:58  Stimpack  
  69  5:59  SCV  
  69  6:00  Refinery  
  69  6:01  Refinery  
  72  6:07  Supply Depot  
  72  6:08  SCV  
  72  6:11  SCV  
  74  6:14  Marine x2  
  74  6:15  Marine  
  77  6:19  Supply Depot  
  77  6:20  SCV  
  78  6:28  Marine, Siege Tank, SCV  
  78  6:30  Supply Depot  
  78  6:32  Marine x2  
  84  6:33  SCV  
  74  6:41  SCV  
  74  6:42  Marine  
  74  6:46  Marine  
  74  6:49  Marine  
  74  6:50  Marine  
  74  6:51  SCV  
  74  6:52  Engineering Bay  
  74  6:53  Engineering Bay, SCV  
  78  7:00  Marine  
  78  7:01  Siege Tank  
  82  7:04  Marine  
  82  7:07  Marine x2  
  85  7:12  SCV  
  86  7:17  Orbital Command  
  86  7:18  Marine  
  86  7:21  Terran Infantry Armor Level 1  
  86  7:22  Marine, Terran Infantry Weapons Level 1  
  88  7:23  Barracks  
  88  7:24  Barracks  
  88  7:25  Marine  
  88  7:26  Medivac x2  
  88  7:29  Marine  
  94  7:33  Siege Tank  
  94  7:35  Marine  
  98  7:38  Supply Depot x2  
  98  7:39  Marine  
  98  7:43  Marine  
  100  7:47  Marine  
  101  7:53  Marine  
  101  7:57  Marine  
  100  8:01  Marine  
  100  8:02  Medivac x2  
  100  8:04  Marine  
  100  8:05  Siege Tank  
  107  8:09  SCV x2, Armory  
  107  8:10  SCV  
  107  8:11  Marine  
  111  8:15  Marine  
  111  8:18  Marine  
  111  8:19  Barracks Reactor x2  
  113  8:21  SCV  
  113  8:22  Marine, SCV x2  
  117  8:29  Marine  
  117  8:33  Marine, SCV  
  117  8:34  SCV  
  121  8:35  Supply Depot x2, SCV  
  121  8:36  Refinery, Marine  
  121  8:37  Refinery, Siege Tank  
  121  8:40  Marine, Medivac x2  
  131  8:47  Marine  
  123  8:51  Marine  
  123  8:54  Marine  
  123  8:55  Marine  
  108  8:58  Marine  
  108  9:00  Marine  
  108  9:01  Marine x2  
  103  9:04  Marine  
  103  9:08  Marine  
  95  9:12  Marine, SCV x2  
  95  9:13  Marine  
  95  9:16  Marine  
  87  9:18  Marine  
  87  9:19  Marine x2  
  87  9:22  Marine  
  87  9:23  SCV  
  90  9:24  SCV x2  
  90  9:26  Marine  
  90  9:27  Terran Infantry Armor Level 2, Siege Tank  
  90  9:28  Terran Infantry Weapons Level 2  
  90  9:30  Marine  
  90  9:31  Marine  
  97  9:34  Marine  
  97  9:35  SCV  
  97  9:36  Marine x2, SCV  
  97  9:37  Marine  
  103  9:40  Marine  
  103  9:41  Medivac  
  103  9:42  Medivac  
  103  9:44  Marine  
  109  9:45  SCV  
  109  9:48  Marine x2  
  109  9:51  Marine  
  113  9:53  Marine  
  113  9:54  Marine  
  113  9:55  Marine  
  113  9:58  Marine  
  83  10:22  SCV x3  
  83  10:23  Marine  
  83  10:24  Marine x7  
  94  10:34  Siege Tank, SCV x3  
  100  10:41  Marine  
  100  10:42  Marine x7  
  108  10:46  SCV x2  
  108  10:59  Marine  
  108  11:00  Marine x2  
  108  11:01  Marine  
  108  11:03  Marine x4  
  115  11:06  Widow Mine  
  117  11:14  Medivac x2  
  117  11:17  Marine x3  
  124  11:19  Reaper, SCV x3  
  124  11:21  Marine x2  
  124  11:23  Supply Depot  
  130  11:31  Marine x2, SCV x3  
  135  11:35  Marine  
  135  11:39  Supply Depot  
  136  11:40  Siege Tank  
  136  11:43  Marine x4, SCV  
  144  11:49  Marine  
  144  11:51  Marine  
  144  11:52  Marine x2  
Show
View Real Time Build Order
Export as new Build Order

BraneloB Zerg 

Build Orders: Pool First 

Get SALT Encoding   

  12  0:01  Drone  
  13  0:12  Overlord  
  13  0:17  Drone  
  14  0:23  Extractor  
  14  0:24  Drone  
  15  0:31  Drone  
  15  0:34  Drone  
  17  0:46  Spawning Pool  
  16  0:53  Drone  
  16  0:54  Extractor  
  16  0:56  Drone  
  17  1:17  Hatchery  
  16  1:33  Queen  
  16  1:34  Drone  
  16  1:38  Zergling x2  
  16  1:39  Zergling x2  
  21  1:47  Overlord  
  21  1:56  Drone  
  22  2:07  Roach Warren  
  22  2:08  Drone  
  22  2:17  Overlord  
  22  2:29  Drone  
  23  2:34  Overlord  
  23  2:48  Roach x4  
  31  2:53  Roach  
  31  2:58  Drone  
  34  3:01  Drone  
  34  3:03  Drone  
  36  3:20  Drone x3  
  36  3:22  Queen  
  36  3:25  Ravager  
  42  3:32  Ravager x2  
  42  3:33  Drone  
  42  3:34  Drone  
  44  3:48  Drone x2  
  44  3:49  Drone  
  47  4:02  Drone x3  
  44  4:10  Queen x2  
  44  4:11  Metabolic Boost, Extractor  
  44  4:12  Drone  
  44  4:13  Extractor, Drone  
  46  4:19  Drone  
  46  4:23  Zergling x2  
  48  4:27  Zergling x2  
  49  4:33  Overlord  
  49  4:40  Overlord, Drone  
  49  4:41  Drone x2  
  52  4:46  Overlord  
  52  4:48  Lair  
  52  4:56  Drone  
  52  4:57  Zergling x2  
  52  4:58  Zergling x4  
  56  5:10  Roach  
  56  5:11  Roach x6  
  66  5:14  Zergling x2  
  66  5:22  Roach  
  66  5:31  Roach  
  68  5:36  Overlord x2  
  65  5:52  Roach  
  65  5:55  Queen x2  
  73  5:57  Roach x4, Ravager  
  73  5:58  Ravager  
  73  6:01  Glial Reconstitution  
  73  6:02  Zergling x4  
  73  6:03  Zergling x2  
  84  6:10  Overlord  
  84  6:11  Overlord  
  84  6:20  Overlord x2  
  84  6:24  Overlord x2  
  80  6:36  Roach x3  
  76  6:47  Roach  
  76  6:48  Roach x3  
  84  6:57  Ravager, Drone  
  84  6:58  Drone, Hatchery  
  86  7:03  Roach x2  
  86  7:06  Ravager x3  
  93  7:09  Drone  
  93  7:10  Drone  
  93  7:11  Drone  
  96  7:18  Zergling x2  
  98  7:22  Zergling x2  
  98  7:24  Zergling x6  
  98  7:25  Zergling x2  
  98  7:29  Evolution Chamber  
  101  7:31  Overlord  
  101  7:32  Overlord  
  101  7:33  Zergling x2  
  102  7:38  Ravager x3  
  102  7:39  Zergling x4  
  107  7:52  Overlord x2  
  106  8:00  Roach x4  
  106  8:01  Roach x2  
  106  8:03  Zergling x2  
  119  8:06  Drone  
  119  8:08  Drone  
  125  8:20  Roach x3  
  125  8:21  Overlord x2  
  125  8:23  Drone x2  
  111  8:53  Roach x4  
  111  8:54  Roach x4  
  106  8:56  Roach x4  
  106  8:57  Zergling x4  
  106  8:59  Zergling x4  
  107  9:06  Zergling x4  
  107  9:08  Zergling x2  
  110  9:15  Queen  
  110  9:16  Roach  
  112  9:18  Roach x2  
  112  9:36  Roach x3  
  112  9:37  Ravager  
  112  9:38  Ravager x2  
  120  9:40  Zergling x6  
  120  9:43  Queen  
  121  10:02  Roach x5  
  121  10:03  Roach x3  
  129  10:10  Roach x2  
  111  10:15  Roach  
  111  10:17  Roach  
  111  10:20  Zergling x2  
  86  10:22  Roach  
  86  10:26  Zergling x6  
  91  10:32  Extractor, Zergling x4  
  91  10:34  Zergling x2, Ravager  
  94  10:41  Roach  
  96  10:44  Roach  
  96  10:45  Roach  
  96  10:49  Ravager  
  99  10:51  Roach  
  99  10:53  Roach  
  99  10:56  Roach x2  
  100  10:59  Zergling x6  
  100  11:03  Zergling x10  
  103  11:06  Zergling x2, Ravager  
  103  11:08  Zergling x2  
  106  11:21  Ravager x2  
  106  11:22  Roach  
  110  11:31  Roach x4  
  114  11:33  Zergling x8  
  114  11:34  Zergling x4  
  114  11:37  Drone  
  114  11:39  Drone  
  122  11:42  Drone  
  122  11:45  Infestation Pit  
  122  11:46  Extractor  
  121  11:47  Extractor  
  121  11:48  Drone  
  121  11:51  Roach x2  
  121  11:54  Roach x3  
  118  11:57  Hatchery  
Tags
 
Add a new tag
Caveats
  • Supply blocks, unpowered buildings, or Contaminate may cause inaccurate times.
  • Supply counts are checked every 10 seconds.